 Dungeon Crawl Stone Soup version 0.22-a0-348-gd16d1391c7 (webtiles) character file.

7 Dargar the Sneak (level 2, 0/13 HPs)
             Began as a Vine Stalker Enchanter on Apr 11, 2018.
             Succumbed to a kobold's poison
             ... on level 1 of the Dungeon.
             The game lasted 00:00:33 (374 turns).

Dargar the Sneak (Vine Stalker Enchanter)            Turns: 374, Time: 00:00:34

Health: 0/13       AC:  2    Str: 10    XL:     2   Next: 0%
Magic:  4/6        EV: 12    Int: 15    God:
Gold:   10         SH:  0    Dex: 14    Spells: 4/5 levels left

rFire    . . .     SeeInvis .   a - +1 dagger
rCold    . . .     Gourm    .   (no shield)
rNeg     . . .     Faith    .   b - +0 robe
rPois    .         Spirit   +   (no helmet)
rElec    .         Reflect  .   (no cloak)
rCorr    .         Harm     .   (no gloves)
MR       .....                  (no boots)
Stlth    +++.......             (no amulet)
HPRegen  0.04/turn              (no ring)
MPRegen  0.10/turn              (no ring)

@: lethally poisoned (0 -> -13)
A: fangs 2, magic shield, antimagic bite, no potion heal 3, rot immunity
a: no special abilities


You were on level 1 of the Dungeon.
You were not hungry.

You visited 1 branch of the dungeon, and saw 1 of its levels.

You collected 10 gold pieces.

Inventory:

Hand Weapons
 a - a +1 dagger (weapon)
Armour
 b - a +0 robe (worn)
Comestibles
 c - a chunk of flesh
 d - a ration


   Skills:
 + Level 0.8 Short Blades
 + Level 1.5 Dodging
 + Level 4.0 Stealth
 + Level 2.2 Spellcasting
 + Level 3.1 Hexes


You had 4 spell levels left.
You knew the following spells:

 Your Spells              Type           Power        Failure   Level  Hunger
a - Corona                Hex            ##.....      6%          1    #......


Dungeon Overview and Level Annotations

Branches:
Dungeon (1/15)

Altars:


Innate Abilities, Weirdness & Mutations

You have extremely sharp teeth.
When hurt, damage is shared between your health and your magic reserves.
Your bite disrupts and absorbs the magic of your enemies.
Potions cannot restore your health.
You are immune to rotting.


Message History

The leopard gecko bites you. The leopard gecko closely misses you.
You hit the leopard gecko.
You kill the leopard gecko!
Your Stealth skill increases to level 4!
The goblin barely misses you.
You hit the kobold but do no damage. The goblin closely misses you.
The kobold barely misses you.
You closely miss the kobold. The goblin closely misses you.
The kobold hits you with a dagger of venom.
You are lethally poisoned!
You hit the kobold.
You kill the kobold!
You have reached level 2!
* * * LOW HITPOINT WARNING * * *
You feel sick. The goblin hits you with a dagger.
* * * LOW HITPOINT WARNING * * *
You barely miss the goblin. You bite the goblin. You drain its power.
You feel invigorated.
The goblin is moderately wounded.
You die...

.... #.. #.# #.##..#
#....#.# #.##.g#
#....#.# #.##K.#
#....#.# #.##..#
#....#.#####.##%.#
#####....#...........# #
...........#g##.#.).# #
#...........@)......# ##
#...#......#.##.#..## .#
#...#........##.#).#
.#.##...##.##....##.#..#
<#.........##....##.#..#
.#.......#.............#
.#..###..#..#..........#
##.....................#
#...................


You could see a goblin.

Vanquished Creatures
  A leopard gecko (D:1)
  A giant cockroach (D:1)
  A goblin (D:1)
  A hobgoblin (D:1)
  A kobold (D:1)
5 creatures vanquished.

Notes
Turn   | Place    | Note
-------+----------+-------------------------------------------
     0 | D:1      | Dargar the Vine Stalker Enchanter began the quest for the Orb.
     0 | D:1      | Reached XP level 1. HP: 9/9 MP: 4/4
   370 | D:1      | Reached skill level 4 in Stealth
   373 | D:1      | Reached XP level 2. HP: 4/13 MP: 1/6
   374 | D:1      | Succumbed to a kobold's poison

Vault maps used:
D:1:      dpeg_arrival_stone_temple_mockup

Skill      XL: |  1 |
---------------+----+-----
Stealth        | 4 |  4.0
Short Blades   | |  0.8
Dodging        | |  1.5
Spellcasting   | |  2.2
Hexes          | |  3.1

Action                   || total
-------------------------++-------
Melee: Dagger            ||    22
       Bite              ||     5
 Stab: Sleeping          ||     1
Dodge: Dodged            ||    15

Table legend:
 A = Spawn XP
 B = Non-spawn XP
 C = Spawn XP percentage of total XP
 D = Spawn monster count
 E = Non-spawn monster count
 F = Spawn count percentage of total count
 G = Total turns spent on level
                    A         B        C        D         E        F      G
               +---------+---------+-------+---------+---------+-------+---------
         Total |       0 |      10 |   0.0 |       0 |       5 |   0.0 |   374
               +---------+---------+-------+---------+---------+-------+---------
           D:1 |       0 |      10 |   0.0 |       0 |       5 |   0.0 |   374
               +---------+---------+-------+---------+---------+-------+---------
